 Dungeon Crawl Stone Soup version 0.21-a0-95-g06f091e (webtiles) character file.

146 sagitran the Gusty (level 5, -5/29 HPs)
             Began as a Tengu Air Elementalist on July 4, 2017.
             Was an Initiate of Fedhas.
             Killed by miscasting Lightning Bolt (34 damage)
             ... on level 3 of the Dungeon.
             The game lasted 00:18:02 (2899 turns).

sagitran the Gusty (Tengu Air Elementalist)         Turns: 2899, Time: 00:18:13

Health: -5/29      AC:  2    Str:  8    XL:     5   Next: 28%
Magic:  5/10       EV: 13    Int: 16    God:    Fedhas [......]
Gold:   131        SH:  0    Dex: 15    Spells: 3/9 levels left

rFire    . . .     SeeInvis .   e - +0 club
rCold    . . .     Gourm    .   (no shield)
rNeg     . . .     Faith    .   a - +0 robe
rPois    .         Spirit   .   (helmet restricted)
rElec    .         Reflect  .   (no cloak)
rCorr    .         Harm     .   (no gloves)
MR       .....                  (boots unavailable)
Stlth    ++........             (no amulet)
HPRegen  0.09/turn              (no ring)
MPRegen  0.12/turn              (no ring)

@: very slightly contaminated
A: beak, talons 3, able to fly 1
a: Fly, Fungal Bloom, Renounce Religion


You were on level 3 of the Dungeon.
You worshipped Fedhas.
Fedhas was noncommittal.
You were not hungry.

You visited 1 branch of the dungeon, and saw 4 of its levels.

You collected 131 gold pieces.

Inventory:

Hand Weapons
 e - a +0 club (weapon)
Missiles
 g - 3 poisoned javelins (quivered)
 h - 4 tomahawks
Armour
 a - a +0 robe (worn)
Wands
 n - a wand of lightning (10/15)
Scrolls
 i - 5 scrolls of teleportation {unknown}
 k - a scroll of noise {unknown}
 l - a scroll of enchant armour {unknown}
 m - a scroll of remove curse {unknown}
Potions
 c - a potion of mutation {unknown}
Books
 b - a book of Air

   Spells                             Type                      Level
   a - Shock                          Conjuration/Air              1
   b - Swiftness                      Charms/Air                   2
   c - Static Discharge               Conjuration/Air              3
   d - Airstrike                      Air                          4
   e - Lightning Bolt                 Conjuration/Air              5
Comestibles
 f - 3 meat rations
 j - 2 royal jellies


   Skills:
 + Level 1.2 Fighting
 + Level 0.7 Maces & Flails
 + Level 0.8 Throwing
 + Level 2.9 Dodging
 + Level 2.7 Stealth
 + Level 2.8 Spellcasting
 + Level 2.1 Conjurations
 + Level 5.2 Air Magic


You had 3 spell levels left.
You knew the following spells:

 Your Spells              Type           Power        Failure   Level  Hunger
a - Shock                 Conj/Air       ##..         4%          1    #......
b - Lightning Bolt        Conj/Air       ##........   75%         5    ######.


Dungeon Overview and Level Annotations

Branches:
Dungeon (4/15)
 Temple: D:4-7

Altars:
Fedhas

Annotations:
D:3 Ijustatesigmund's ghost, amateur OgHu


Innate Abilities, Weirdness & Mutations

You have a beak for a mouth.
You have claws for feet.
You can fly.


Message History

Some toadstools grow from a nearby corpse.
Fedhas appreciates your contribution to the ecosystem.
Found 28 bolts.
Found a bubbling black potion.
A worm comes into view.
You see here a bubbling black potion.
c - a bubbling black potion
Casting: Shock
Confirm with . or Enter, or press ? or * to list all spells.
The spell is very dangerous to cast!
Continue anyway?
Aiming: Lightning Bolt
Press: ? - help, Shift-Dir - straight line, f - worm
Aim: a worm You miscast Lightning Bolt.
You are very lightly contaminated with residual magic.
There is a sudden explosion of magical energy!
The explosion engulfs you!
Ouch! That really hurt!
You die...
Fedhas appreciates your contribution to the ecosystem.

#.##.##.... ###
..........
#.##.##(#
#.#.....#
########.#.....#
...............#
######..##.....#
#..##.....######
#..###....w@...#
#..# #..######.#
######รท.# #..#
# #.......# #..#
#.####.## #..#
#.# #.# #... ..#
#.# #.# ### #.#
######.#


You could see a worm.

Vanquished Creatures
  2 worker ants (D:3)
  4 adders (D:2)
  An ooze (D:1)
  A worm (D:2)
  2 dart slugs
  2 ball pythons
  A giant cockroach (D:1)
  4 goblins
  4 hobgoblins
  8 jackals
  10 kobolds
  7 bats
  6 frilled lizards
  4 rats
56 creatures vanquished.

Vanquished Creatures (others)
  9 toadstools
9 creatures vanquished.

Grand Total: 65 creatures vanquished

Notes
Turn   | Place    | Note
-------+----------+-------------------------------------------
     0 | D:1      | sagitran the Tengu Air Elementalist began the quest for the Orb.
     0 | D:1      | Reached XP level 1. HP: 10/10 MP: 4/4
    46 | D:1      | Reached XP level 2. HP: 12/15 MP: 4/6
   468 | D:2      | Reached XP level 3. HP: 16/19 MP: 7/7
   857 | D:2      | Reached skill level 5 in Air Magic
  1046 | D:2      | Found a blossoming altar of Fedhas.
  1070 | D:2      | Reached XP level 4. HP: 20/24 MP: 4/8
  1853 | D:2      | Reached skill level 1 in Fighting
  1975 | D:3      | Noticed Ijustatesigmund's ghost (amateur OgHu)
  2296 | D:2      | Became a worshipper of Fedhas Madash
  2384 | D:3      | Gained mutation: You can fly. [Tengu growth]
  2384 | D:3      | Reached XP level 5. HP: 29/29 MP: 8/10
  2402 | D:3      | Learned a level 5 spell: Lightning Bolt
  2899 | D:3      | Killed by miscasting Lightning Bolt

Vault maps used:
D:1:      dpeg_arrival_tiny_i
D:2:      old_standard_altar, minmay_domino_2
D:3:      kennysheep_vampire_church
D:4:      temple_pool_b, first_bread, st_stairs_9, evilmike_ruin_ashenzari

Skill      XL: |  1  2  3  4 |
---------------+-------------+-----
Air Magic      | 5 |  5.2
Conjurations   | 2 |  2.1
Fighting       | 1 |  1.2
Maces & Flails | |  0.7
Throwing       | |  0.8
Dodging        | |  2.9
Stealth        | |  2.7
Spellcasting   | |  2.8

Action                   |  1- 3 |  4- 6 || total
-------------------------+-------+-------++-------
Melee: Unarmed           |     2 |       ||     2
       Club              |    21 |    67 ||    88
       Kick              |     4 |    17 ||    21
       Peck              |     1 |     6 ||     7
Throw: Javelin           |    10 |       ||    10
 Cast: Shock             |    28 |    24 ||    52
       Lightning Bolt    |       |     1 ||     1
Invok: Fungal Bloom      |       |     4 ||     4
  Use: Potion            |     2 |     2 ||     4
 Stab: Sleeping          |     3 |     4 ||     7
  Eat: Bread ration      |     1 |       ||     1
       Meat ration       |       |     1 ||     1
Armor: Robe              |     7 |    22 ||    29
Dodge: Dodged            |    31 |    79 ||   110
